 Dungeon Crawl Stone Soup version 0.27.1-33-g824d729ab1 (webtiles) character file.

Game seed: 11217084266999809669

53 Descartes the Sneak (level 3, 0/18 HPs)
             Began as a Spriggan Wanderer on Nov 26, 2021.
             Succumbed to an adder's poison
             ... on level 2 of the Dungeon.
             The game lasted 00:05:19 (2845 turns).

Descartes the Sneak (Spriggan Wanderer)             Turns: 2845, Time: 00:05:19

Health: 0/18       AC:  2    Str:  9 (11) XL:     3   Next: 62%
Magic:  8/8        EV: 17    Int:  6 (9)  God:
Gold:   214        SH:  0    Dex: 13 (16) Spells: 4/7 levels left

rFire    . . .     SeeInvis +   a - +0 dagger
rCold    . . .     Faith    .   (shield restricted)
rNeg     . . .     Spirit   .   b - +0 robe
rPois    .         Reflect  .   (helmet restricted)
rElec    .         Harm     .   (no cloak)
rCorr    .         Rampage  .   (gloves unavailable)
Will     .....                  (boots unavailable)
Stlth    ++........             (no amulet)
HPRegen  0.06/turn              (no ring)
MPRegen  0.11/turn              (no ring)

@: lethally poisoned (0 -> -8), very quick
A: very small, no large weapons, unfitting armour, see invisible, speed 3
a: no special abilities


You were on level 2 of the Dungeon.
You visited 1 branch of the dungeon, and saw 3 of its levels.

You collected 214 gold pieces.

Inventory:

Hand Weapons
 a - a +0 dagger (weapon)
 j - a +0 hunting sling
Missiles
 d - 13 poisoned darts
 e - 21 arrows
 k - 17 sling bullets
 m - 47 stones
Armour
 b - a +0 robe (worn)
Magical Staves
 o - a staff of conjuration
Scrolls
 g - a scroll of enchant armour {unknown}
 p - 3 scrolls of teleportation {unknown}
 q - a scroll of amnesia {unknown}
Potions
 f - a potion of resistance {unknown}
 h - a potion of might {unknown}
 i - a potion of curing {unknown}
Miscellaneous
 c - a piece from Xom's chessboard (15/15) (quivered)


   Skills:
 - Level 1.5 Fighting
 + Level 2.0 Short Blades
 + Level 2.8 Dodging
 + Level 3.4 Stealth
 - Level 2.6 Spellcasting
 - Level 2.1 Conjurations
 - Level 1.3 Evocations


You had 4 spell levels left.
You knew the following spells:

 Your Spells              Type           Power      Damage    Failure   Level
a - Magic Dart            Conj           12%        1d3       16%         1
b - Blink                 Tloc           N/A        N/A       50%         2

Your spell library contained the following spells:

 Spells                   Type           Power      Damage    Failure   Level
 Beastly Appendage        Tmut           0%         N/A       36%         1
 Call Imp                 Summ           0%         N/A       50%         2
 Slow                     Hex            0%         N/A       50%         2
 Conjure Flame            Conj/Fire      2%         6-21      58%         3
 Mephitic Cloud           Conj/Pois/Air  1%         N/A       65%         3
 Ignite Poison            Fire/Tmut/Pois 0%         N/A       75%         3
 Ozocubu's Armour         Ice            0%         N/A       75%         3
 Ozocubu's Refrigeration  Ice            0%         4d5       100%        7


Dungeon Overview and Level Annotations

Branches:
Dungeon (3/15)

Altars:

Shops:
D:1 [   D:3 (


Innate Abilities, Weirdness & Mutations

You are very small and have problems with some larger weapons.
You are too small for most types of armour.
You have supernaturally acute eyesight. (SInv)
You cover ground extremely quickly. (Speed+++)


Message History

The adder is moderately wounded.
The adder barely misses you.
You miss the adder.
The adder is moderately wounded.
The adder barely misses you.
You closely miss the adder.
The adder is moderately wounded.
The adder bites you.
You are poisoned.
The adder poisons you!
You miss the adder.
The adder is moderately wounded.
You feel sick. The adder bites you.
You are lethally poisoned!
The adder poisons you!
You are too injured to fight recklessly!
You are too injured to fight recklessly!
You are too injured to fight recklessly!
You are too injured to fight recklessly!
You are too injured to fight recklessly!
You are too injured to fight recklessly!
You are too injured to fight recklessly!
You are too injured to fight recklessly!
You are too injured to fight recklessly!
You are too injured to fight recklessly!
You are too injured to fight recklessly!
You are too injured to fight recklessly!
You are too injured to fight recklessly!
You are too injured to fight recklessly!
You are too injured to fight recklessly!
You are too injured to fight recklessly!
You barely miss the adder.
The adder is moderately wounded.
* * * LOW HITPOINT WARNING * * *
You feel sick. The adder bites you.
* * * LOW HITPOINT WARNING * * *
The adder closely misses you.
You barely miss the adder.
The adder is moderately wounded.
You die...

##### ### #########...# ###..
##...#...#.#.##### ####...#
##..........#.....# #....###
#[..........#####.#### ##.####
#...............@S...####..#
#.........................#######
##................)..#...........
##.......#...................<..
#####.##.............########..
#.##.#...........# ##.....#
#.#..####.#)#.##.###..#####
#.#.........#........#####.
#.#.#####..##.....#####....


You could see an adder.

Vanquished Creatures
  An adder (D:1)
  A worm (D:2)
  7 endoplasms
  A giant cockroach (D:1)
  4 goblins
  2 hobgoblins
  4 jackals (D:2)
  A quokka (D:1)
  5 ball pythons
  3 bats (D:2)
  A frilled lizard (D:1)
  4 kobolds
  4 rats
38 creatures vanquished.

Notes
Turn   | Place    | Note
-------+----------+-------------------------------------------
     0 | D:1      | Descartes the Spriggan Wanderer began the quest for the
                  | Orb.
     0 | D:1      | Descartes set off with the following items: a +0 dagger, a
                  | +0 robe, a piece from Xom's chessboard (15/15); and the
                  | following spells available to memorise: Magic Dart, Beastly
                  | Appendage, Blink, Call Imp, Slow, Conjure Flame, Mephitic
                  | Cloud, Ignite Poison
     0 | D:1      | Reached XP level 1. HP: 10/10 MP: 5/5
     2 | D:1      | Learned a level 1 spell: Magic Dart
   108 | D:1      | Found a faded altar of an unknown god.
   132 | D:1      | Reached skill level 2 in Stealth
   384 | D:1      | Found Yxucer's Armour Emporium.
   460 | D:1      | Reached skill level 1 in Short Blades
   460 | D:1      | Reached XP level 2. HP: 11/14 MP: 6/6
   886 | D:2      | Learned a level 2 spell: Blink
  1266 | D:1      | Reached skill level 3 in Stealth
  1266 | D:1      | Reached XP level 3. HP: 7/18 MP: 0/8
  2523 | D:3      | Found Hoelinai's Antique Weapon Shop.
  2562 | D:3      | Noticed an ogre
  2845 | D:2      | Succumbed to an adder's poison

Illustrated notes

Levels and vault maps discovered:
D:1:      lightli_molten_gateway, layout_loops_ring, serial_shops, shop_coins,
          chequers_ecumenical_altar_grove
D:2:      layout_rooms, minmay_tromino_v4_b
D:3:      layout_rooms, minitemple, serial_shops, nicolae_shop_stone

Skill      XL: |  1  2  3 |
---------------+----------+-----
Stealth        | 2 3 |  3.4
Short Blades   | 1 2 |  2.0
Dodging        | 2 |  2.8
Fighting       | |  1.5
Spellcasting   | |  2.6
Conjurations   | |  2.1
Evocations     | |  1.3

Action                   || total
-------------------------++-------
Melee: Dagger            ||   187
 Cast: Magic Dart        ||    10
  Use: Potion            ||     2
 Stab: Sleeping          ||     8
Armor: Robe              ||    13
Dodge: Dodged            ||   165
